 Dungeon Crawl Stone Soup version 0.30-a0-1016-gfb0d676c02 (webtiles) character file.

Game seed: 3455163110780067652

11806 xian the Blocker (level 11, -3/67 HPs)
             Began as a Gargoyle Fighter on Apr 7, 2023.
             Was a High Priest of Okawaru.
             Slain by Snorg (14 damage)
             ... on level 10 of the Dungeon.
             The game lasted 00:30:12 (8704 turns).

xian the Blocker (Gargoyle Fighter)                 Turns: 8704, Time: 00:30:12

Health: -3/67      AC: 24    Str: 24    XL:     11   Next: 83%
Magic:  11/11      EV: 12    Int:  9    God:    Okawaru [*****.]
Gold:   157        SH: 17    Dex:  7    Spells: 10/10 levels left

rFire   + . .      SeeInvis .    c - +1 war axe (venom)
rCold   . . .      Faith    .    E - +2 tower shield
rNeg    + . .      Spirit   .    K - +1 chain mail {rF+}
rPois   ∞          Reflect  .    V - +0 helmet of Gallantry {Rampage rPois Regen+ Dex-2}
rElec   +          Rampage  +    C - +0 cloak
rCorr   .                        (no gloves)
Will    +....                    r - +1 pair of boots {Stlth+} Stlth
                                 I - amulet of regeneration
HPRegen 1.91/turn                M - ring of willpower
MPRegen 0.12/turn                u - +5 ring of evasion

@: no status effects
A: sickness immunity, AC +8, negative energy resistance 1, electricity
resistance, torment resistance 1, petrification resistance
a: Renounce Religion, Heroism, Finesse, Duel


You were on level 10 of the Dungeon.
You worshipped Okawaru.
Okawaru was extremely pleased with you.
You visited 2 branches of the dungeon, and saw 11 of its levels.
You also visited: Sewer.

You collected 547 gold pieces.
You spent 390 gold pieces at shops.

Inventory:

Hand Weapons
 c - a +1 war axe of venom (weapon)
 y - a +2 antimagic short sword
Missiles
 g - 7 boomerangs
 h - 45 stones
 v - 4 javelins
 F - 2 throwing nets
 G - 55 poisoned darts (quivered)
 Q - 4 curare-tipped darts
Armour
 r - a +1 pair of boots of stealth (worn)
 C - a +0 cloak (worn)
 E - a +2 tower shield (worn)
 K - a +1 chain mail of fire resistance (worn)
 V - the +0 helmet of Gallantry (worn) {Rampage rPois Regen+ Dex-2}
   (Okawaru gifted it to you on level 9 of the Dungeon)

   Dex:       It affects your dexterity (-2).
   rPois:     It protects you from poison.
   Regen:     It increases your rate of health regeneration.
   Rampage:   It bestows one free step when moving towards enemies.
Magical Staves
 e - a staff of air
 p - a staff of conjuration
 t - a staff of fire
Jewellery
 l - a ring of ice
 u - a +5 ring of evasion (right hand)
 I - an amulet of regeneration (around neck)
 L - a ring of protection from cold
 M - a ring of willpower (left hand)
Wands
 T - a wand of flame (6)
Scrolls
 a - 2 scrolls of poison
 b - a scroll of vulnerability
 f - 2 scrolls of magic mapping {unknown}
 i - 2 scrolls of fear {unknown}
 k - a scroll of amnesia
 m - 4 scrolls of fog {unknown}
 o - 2 scrolls of immolation
 B - a scroll of torment
 D - 6 scrolls of teleportation
 J - 2 scrolls of blinking
 S - a scroll of silence {unknown}
 U - a scroll of identify
Potions
 d - a potion of might
 j - 2 potions of brilliance
 n - a potion of heal wounds
 q - 2 potions of resistance
 s - 4 potions of degeneration {unknown}
 x - 3 potions of mutation {unknown}
 z - a potion of lignification {unknown}
 A - 2 potions of flight
 H - 4 potions of curing
 N - 2 potions of haste {unknown}
 O - a potion of attraction {unknown}
 P - a potion of magic {unknown}
 R - a potion of ambrosia {unknown}


   Skills:
 + Level 7.4 Fighting
 + Level 9.8 Axes
 + Level 2.8 Throwing
 + Level 7.6 Armour
 + Level 3.5 Dodging
 + Level 0.6 Stealth
 * Level 12.7 Shields


You had 10 spell levels left.
You didn't know any spells.
Your spell library contained the following spells:

 Spells                   Type           Power      Damage    Failure   Level
 Magic Dart               Conj           0%         1d3       100%        1
 Lesser Beckoning         Tloc           0%         N/A       100%        2
 Poisonous Vapours        Pois/Air       0%         N/A       100%        2
 Searing Ray              Conj           0%         2d4       100%        2
 Gell's Gravitas          Tloc           0%         N/A       100%        3
 Mephitic Cloud           Conj/Pois/Air  0%         N/A       100%        3
 Teleport Other           Tloc           0%         N/A       100%        3
 Anguish                  Hex/Necr       0%         N/A       100%        4
 Cause Fear               Hex            0%         N/A       100%        4
 Fulminant Prism          Conj/Hex       0%         3d5       100%        4
 Freezing Cloud           Conj/Ice/Air   0%         6-21      100%        5
 Enfeeble                 Hex            0%         N/A       100%        7


Dungeon Overview and Level Annotations

Branches:
Dungeon (10/15)            Temple (1/1) D:6            Lair (0/5) D:9
  Sewer (visited)
    Orc: D:9-12

Altars:
Cheibriados
Dithmenos
Elyvilon
Fedhas
Gozag
Hepliaklqana
Makhleb
Nemelex Xobeh
Okawaru
Ru
Sif Muna
Trog
Wu Jian
Yredelemnul
Zin
The Shining One

Shops:
D:4 [   D:5 *   D:8 (*[?(

Annotations:
D:10 Snorg


Innate Abilities, Weirdness & Mutations

You are immune to sickness and miasma.
Your stone body is resilient. (AC +8)
You are immune to poison.
You resist negative energy. (rN+)
You are resistant to electric shocks. (rElec)
You are resistant to unholy torment.
You are immune to petrification.


Message History

Unknown command.
You hit Snorg but do no damage.
Snorg looks as sick as possible!
Snorg is heavily wounded.
You block Snorg's attack. Snorg claws you. You block Snorg's attack. x2
Snorg claws you. x2
You closely miss Snorg.
Snorg is heavily wounded.
Snorg bites you!!
* * * LOW HITPOINT WARNING * * *
Snorg claws you but does no damage. Snorg claws you.
* * * LOW HITPOINT WARNING * * *
You block Snorg's attack. x2; Snorg claws you.
* * * LOW HITPOINT WARNING * * *
Snorg rages.
Snorg closely misses you. You block Snorg's attack. x2
You feel much better. You block Snorg's attack.
Snorg claws you but does no damage. Snorg misses you.
You barely miss Snorg.
Snorg is heavily wounded.
You block Snorg's attack. Snorg claws you. Snorg closely misses you.
Snorg bites you but does no damage. Snorg claws you! Snorg barely misses you.
You hit Snorg.
Snorg looks as sick as possible!
Snorg is heavily wounded.
Snorg closely misses you. You block Snorg's attack.
Snorg claws you but does no damage. You block Snorg's attack.
Snorg claws you but does no damage. x2
You hit Snorg.
Snorg is heavily wounded.
You block Snorg's attack. Snorg claws you! You block Snorg's attack.
Snorg bites you!
* * * LOW HITPOINT WARNING * * *
You block Snorg's attack. Snorg claws you but does no damage.
Unknown command.
You slash Snorg!
Snorg looks as sick as possible!
Snorg is severely wounded.
Snorg bites you!
* * * LOW HITPOINT WARNING * * *
You block Snorg's attack. Snorg claws you but does no damage.
You block Snorg's attack. Snorg claws you!
You die...

....(..# ......# ...(.#
....#####. .(..........
.... #†......... ....
#..# #..# .... #T.# #..#
.... ..######@.# #..#
....
....).>...#####..####....
.........................
..######.................
#...............##
#...............#
#...............#
.................##
....................


You could see Snorg (berserk, extremely poisoned).

Vanquished Creatures
  Erica (D:8)
  3 two-headed ogres
  A deep elf pyromancer (D:8)
  4 kobold demonologists (D:9)
  A yaktaur (D:8)
  A rime drake (D:9)
  A freezing wraith (D:9)
  2 trolls (D:10)
  A polar bear (D:9)
  Sigmund (D:3)
  9 yaks
  A steam dragon (D:8)
  A wyvern (D:8)
  A water moccasin (D:8)
  An orc warrior (D:8)
  2 black bears
  3 ice beasts
  3 sky beasts
  3 ogres (D:5)
  3 wolves (D:9)
  3 centaurs
  9 kobold brigands
  5 bullfrogs
  2 gnoll sergeants
  A scorpion (D:6)
  8 wights
  4 killer bees (D:9)
  6 howler monkeys
  6 electric eels (D:9)
  3 hounds
  5 jellies
  3 orc priests
  3 sleepcaps
  Jessica (D:3)
  3 gnoll boudas
  5 iguanas
  2 orc wizards
  Robin (D:2)
  8 gnolls
  14 adders
  2 shadow imps
  A white imp (D:5)
  3 ufetubi
  A worm (D:2)
  A dart slug (D:1)
  22 orcs
  4 bats
  3 endoplasms
  13 giant cockroaches
  9 goblins (D:2)
  10 hobgoblins
  5 jackals
  30 kobolds
  8 quokkas
  14 ball pythons
  11 frilled lizards
  13 rats
  4 bushes (D:4)
289 creatures vanquished.

Vanquished Creatures (others)
  2 fungi (D:3)
  15 plants
17 creatures vanquished.

Grand Total: 306 creatures vanquished

Notes
Turn   | Place    | Note
-------+----------+-------------------------------------------
     0 | D:1      | xian the Gargoyle Fighter began the quest for the Orb.
     0 | D:1      | Reached XP level 1. HP: 14/14 MP: 1/1
   124 | D:1      | Reached XP level 2. HP: 19/19 MP: 2/2
   537 | D:1      | Reached XP level 3. HP: 23/23 MP: 3/3
  1027 | D:2      | Found a blossoming altar of Fedhas.
  1289 | D:2      | Noticed Robin
  1309 | D:2      | HP: 1/24 [Robin/+1 short sword of venom (4)]
  1311 | D:2      | Killed Robin
  1312 | D:2      | Reached XP level 4. HP: 2/29 MP: 4/4
  1982 | D:3      | Found a glowing drain.
  2013 | D:3      | Reached skill level 1 in Dodging
  2035 | Sewer    | Entered a sewer
  2091 | Sewer    | Reached XP level 5. HP: 30/33 MP: 5/5
  2313 | Sewer    | Reached XP level 6. HP: 12/38 MP: 6/6
  2697 | D:3      | Noticed Sigmund
  2704 | D:3      | Killed Sigmund
  2705 | D:3      | Reached skill level 4 in Shields
  2705 | D:3      | Reached XP level 7. HP: 44/44 MP: 7/7
  2919 | D:3      | Noticed Jessica
  2928 | D:3      | Killed Jessica
  2963 | D:3      | Reached skill level 5 in Armour
  2990 | D:3      | Reached skill level 1 in Throwing
  2996 | D:3      | HP: 1/44 [orc/+2 antimagic short sword (2)]
  3156 | D:3      | Found a sacrificial altar of Ru.
  3376 | D:4      | Found Cetab's Armour Emporium.
  3504 | D:4      | Identified the +0 kite shield "Noirog" {rPois rC+ Int-2
                  | Dex+5}
  3622 | D:4      | Reached skill level 5 in Axes
  4274 | D:5      | Entered Level 5 of the Dungeon
  4281 | D:5      | Reached XP level 8. HP: 48/48 MP: 8/8
  4312 | D:5      | Reached skill level 5 in Shields
  4316 | D:5      | Reached skill level 5 in Fighting
  4460 | D:5      | Found Toohes's Fire Supplies.
  4467 | D:5      | Bought a +1 chain mail of fire resistance for 165 gold
                  | pieces
  4951 | D:6      | Found a staircase to the Ecumenical Temple.
  4971 | Temple   | Entered the Ecumenical Temple
  5143 | Temple   | Became a worshipper of Warmaster Okawaru
  5282 | D:6      | Reached skill level 6 in Shields
  5364 | D:6      | Noticed a yak
  5374 | D:6      | Noticed a yak
  5384 | D:6      | Noticed a yak
  5386 | D:6      | Killed a yak
  5386 | D:6      | Reached * piety under Okawaru
  5386 | D:6      | Noticed a yak
  5386 | D:6      | Noticed a yak
  5387 | D:6      | Reached XP level 9. HP: 42/54 MP: 9/9
  5400 | D:6      | Reached skill level 7 in Shields
  5406 | D:6      | Reached ** piety under Okawaru
  5810 | D:7      | Reached skill level 8 in Shields
  5840 | D:7      | Found a snail-covered altar of Cheibriados.
  5974 | D:7      | Found a glowing golden altar of the Shining One.
  5977 | D:7      | Found an ornate altar of the Wu Jian Council.
  5977 | D:7      | Found a bloodstained altar of Trog.
  6203 | D:8      | Reached *** piety under Okawaru
  6231 | D:8      | Found Lathiar's Weapon Shoppe.
  6318 | D:8      | Noticed a two-headed ogre
  6327 | D:8      | Killed a two-headed ogre
  6328 | D:8      | Reached skill level 9 in Shields
  6328 | D:8      | Reached XP level 10. HP: 27/60 MP: 10/10
  6371 | D:8      | Found Usad's Magic Scroll Emporium.
  6374 | D:8      | Bought a scroll of identify for 30 gold pieces
  6374 | D:8      | Bought a scroll of enchant armour for 112 gold pieces
  6401 | D:8      | Found Mugac's Weapon Shoppe.
  6411 | D:8      | Bought 3 poisoned darts for 23 gold pieces
  6553 | D:8      | Noticed a deep elf pyromancer
  6567 | D:8      | Killed a deep elf pyromancer
  6567 | D:8      | Reached **** piety under Okawaru
  6598 | D:8      | Reached skill level 10 in Shields
  6965 | D:8      | Noticed Erica
  6993 | D:8      | Killed Erica
  6993 | D:8      | Received a gift from Okawaru
  7005 | D:8      | Found Efeif's Antique Armour Emporium.
  7262 | D:8      | Found Ociosch's General Store.
  7318 | D:8      | Bought a potion of flight for 30 gold pieces
  7318 | D:8      | Bought a potion of curing for 30 gold pieces
  7416 | D:9      | Noticed a two-headed ogre
  7432 | D:9      | Killed a two-headed ogre
  7433 | D:9      | Reached skill level 11 in Shields
  7433 | D:9      | Reached XP level 11. HP: 61/66 MP: 11/11
  7509 | D:9      | Reached ***** piety under Okawaru
  7607 | D:9      | Found a staircase to the Lair.
  7617 | D:9      | Received a gift from Okawaru
  7622 | D:9      | Noticed a sun demon
  7713 | D:9      | Found a burning altar of Makhleb.
  7734 | D:9      | Noticed a sixfirhy
  7735 | D:9      | Identified the +0 helmet of Gallantry {Rampage rPois Regen+
                  | Dex-2} (Okawaru gifted it to you on level 9 of the Dungeon)
  7735 | D:9      | Received a gift from Okawaru
  7826 | D:9      | Reached skill level 12 in Shields
  8506 | D:10     | Entered Level 10 of the Dungeon
  8546 | D:10     | Noticed a two-headed ogre
  8557 | D:10     | Killed a two-headed ogre
  8683 | D:10     | Noticed Snorg
  8704 | D:10     | Slain by Snorg

Illustrated notes

Levels and vault maps discovered:
D:1:      dpeg_arrival_round_c, layout_loops_ring
D:2:      wad_crossroads, layout_loops_corners, basic_altar,
          minmay_heptomino_w4, uniq_robin
D:3:      layout_rooms, nicolae_ru_the_path_less_chosen, serial_glass,
          glass_columns_c, glass_columns_a, cheibrodos_sewer_entry_drain,
          minmay_close_crescents, uniq_sigmund, uniq_jessica
D:4:      nicolae_cairo_tiling_very_big, layout_basic, serial_shops,
          nicolae_square_shop, lexackson_kobold_supper
D:5:      layout_basic, nicolae_shop_fire_sale [nicolae_sub_dead_trees]
D:6:      layout_rooms, minmay_temple_entry_arrows, kennysheep_generic_room_10
D:7:      layout_rooms, overflow_temple_1_default,
          gammafunk_temple_overflow_forgotten
D:8:      nzn_winding_woodlands_medium [nzn_winding_woodlands_5x5_closed_star,
          nzn_winding_woodlands_5x15_twine, nzn_winding_woodlands_5x5_three,
          nzn_winding_woodlands_5x5_checkerboard,
          nzn_winding_woodlands_center_diamonds,
          nzn_winding_woodlands_5x5_perimeter,
          nzn_winding_woodlands_5x5_open_star,
          nzn_winding_woodlands_5x15_concentric,
          nzn_winding_woodlands_5x5_cross], layout_basic, serial_shops,
          nicolae_lakefront_shop, nicolae_shop_statue_plus, shop,
          nicolae_shop_behind_doors, nicolae_inconvenience_store, uniq_erica
D:9:      cheibrodos_two_vegetables, layout_irregular_city,
          lightli_temple_of_fire, hellmonk_lair_entry_icy
D:10:     layout_small_grid, kennysheep_little_box, mainiacjoe_overflow_paths,
          uniq_snorg
Temple:   minmay_temple_curvy_branch

Skill      XL: |  1  2  3  4  5  6  7  8  9 10 11 |
---------------+----------------------------------+-----
Axes           | 2 3 4 5 6 7 9 |  9.8
Armour         | 4 5 6 7 |  7.6
Dodging        | 1 2 3 |  3.5
Fighting       | 4 5 6 7 |  7.4
Shields        | 4 6 9 11 12 | 12.7
Throwing       | 1 2 |  2.8
Stealth        | |  0.6

Action                     |  1- 3 |  4- 6 |  7- 9 | 10-12 || total
---------------------------+-------+-------+-------+-------++-------
  Melee: War axe           |   130 |   161 |   417 |   392 ||  1100
  Throw: Stone             |     6 |    13 |    33 |    13 ||    65
         Javelin           |       |     2 |       |       ||     2
         Dart              |       |       |    11 |    17 ||    28
 Invoke: Heroism           |       |       |       |     2 ||     2
    Use: Potion            |       |       |     2 |     2 ||     4
         Scroll            |       |       |     6 |     6 ||    12
 Armour: Scale mail        |    88 |   137 |    85 |       ||   310
         Chain mail        |       |       |    73 |   251 ||   324
  Dodge: Dodged            |    57 |   117 |   177 |   200 ||   551
  Block: Buckler           |    38 |    67 |    27 |       ||   132
         Tower shield      |       |       |   211 |   502 ||   713

Table legend: (Time is in decaauts)
 A = Elapsed time spent in this place.
 B = Non-inter-level travel time spent in this place.
 C = Inter-level travel time spent in this place.
 D = Time resting spent in this place.
 E = Time spent auto-exploring this place.
 F = Levels seen in this place.
 G = Mean time per level.
                   A        B        C        D        E       F      G
               +--------+--------+--------+--------+--------+-----+--------+
         Total |   9296 |   8960 |    336 |     61 |   5381 |  12 |  774.7 |
       Dungeon |   8404 |   8089 |    315 |     61 |   4828 |  10 |  840.4 |
        Temple |    197 |    176 |     21 |      0 |    161 |   1 |  197.0 |
         Sewer |    695 |    695 |      0 |      0 |    391 |   1 |  695.0 |
               +--------+--------+--------+--------+--------+-----+--------+

Top non-repeatable levels by time:
     D:2: 1358 daAuts
     D:8: 1348 daAuts
     D:9: 1171 daAuts
     D:4: 1106 daAuts
     D:1: 810 daAuts
     D:5: 716 daAuts
   Sewer: 695 daAuts
     D:3: 605 daAuts
     D:6: 589 daAuts
     D:7: 488 daAuts
    D:10: 208 daAuts
  Temple: 197 daAuts
